 Dungeon Crawl Stone Soup version 0.28.0 (webtiles) character file.

Game seed: 16822320356085738237

25 Crownlay the Poker (level 2, 0/26 HPs)
             Began as a Minotaur Gladiator on Feb 13, 2022.
             Slain by a kobold (5 damage)
             ... on level 1 of the Dungeon.
             The game lasted 00:00:29 (326 turns).

Crownlay the Poker (Minotaur Gladiator)              Turns: 326, Time: 00:00:29

Health: 0/26       AC:  3    Str: 18    XL:     2   Next: 82%
Magic:  1/1        EV: 12    Int:  5    God:
Gold:   14         SH:  0    Dex: 11    Spells: 1/1 levels left

rFire   . . .      SeeInvis .   a - +0 trident
rCold   . . .      Faith    .   (no shield)
rNeg    . . .      Spirit   .   b - +0 leather armour
rPois   .          Reflect  .   c - +0 hat
rElec   .          Harm     .   (no cloak)
rCorr   .          Rampage  .   (no gloves)
Will    .....                   (no boots)
Stlth   +.........              (no amulet)
HPRegen 0.08/turn               (no ring)
MPRegen 0.07/turn               (no ring)

@: no status effects
A: horns 2, retaliatory headbutt
a: no special abilities


You were on level 1 of the Dungeon.
You visited 1 branch of the dungeon, and saw 1 of its levels.

You collected 14 gold pieces.

Inventory:

Hand Weapons
 a - a +0 trident (weapon)
Missiles
 d - 3 throwing nets (quivered)
Armour
 b - a +0 leather armour (worn)
 c - a +0 hat (worn)
Potions
 e - a potion of magic {unknown}
 f - a potion of brilliance {unknown}


   Skills:
 + Level 3.0 Fighting
 * Level 4.6 Polearms
 - Level 2.0 Throwing
 - Level 3.2 Dodging


You had one spell level left.
You didn't know any spells.
Your spell library was empty.

Dungeon Overview and Level Annotations

Branches:
Dungeon (1/15)

Altars:


Innate Abilities, Weirdness & Mutations

You have a pair of horns on your head.
You reflexively headbutt those who attack you in melee.


Message History

You barely miss the frilled lizard. The frilled lizard closely misses you.
You furiously retaliate!
You headbutt the frilled lizard!
You kill the frilled lizard!
You hit the hobgoblin.
The hobgoblin is severely wounded.
The hobgoblin hits you.
You closely miss the hobgoblin.
The hobgoblin is severely wounded.
The hobgoblin hits you.
You hit the hobgoblin.
You kill the hobgoblin!
You hit the jackal.
The jackal is severely wounded.
The jackal bites you but does no damage.
The jackal closely misses you.
You barely miss the jackal.
The jackal is severely wounded.
The jackal bites you but does no damage.
You barely miss the jackal.
The jackal is severely wounded.
The jackal closely misses you. You furiously retaliate!
You headbutt the jackal.
You kill the jackal!
The kobold throws a stone.
The stone hits you but does no damage.
You closely miss the rat. The rat closely misses you.
You barely miss the rat. Your headbutt misses the rat.
The rat bites you but does no damage.
You hit the rat.
You kill the rat!
You barely miss the kobold. The kobold closely misses you.
The kobold hits you but does no damage.
You barely miss the kobold.
A kobold comes into view. It is wielding a +0 short sword.
The kobold hits you with a +0 short sword.
* * * LOW HITPOINT WARNING * * *
The kobold shouts!
You hit the kobold.
The kobold is moderately wounded.
The kobold hits you with a +0 short sword.
You die...

#P.P#.#
##.#.#.#
##..#.'P#
#####P_P#####
#.'.#.P## #
#.#.#.## ..
#.#..P# ...
#.###8# ....
#P..@P# .....
#####K##.....#
#.)........
#...†.###.#
......[.#
#........#
####....(K
......#.
##.....#..


You could see 2 kobolds.

Vanquished Creatures
  A bat (D:1)
  3 endoplasms (D:1)
  3 giant cockroaches (D:1)
  3 goblins (D:1)
  A hobgoblin (D:1)
  3 jackals (D:1)
  2 quokkas (D:1)
  A ball python (D:1)
  A frilled lizard (D:1)
  A kobold (D:1)
  A rat (D:1)
20 creatures vanquished.

Notes
Turn   | Place    | Note
-------+----------+-------------------------------------------
     0 | D:1      | Crownlay the Minotaur Gladiator began the quest for the
                  | Orb.
     0 | D:1      | Reached XP level 1. HP: 18/18 MP: 0/0
    84 | D:1      | Reached skill level 4 in Polearms
    95 | D:1      | Reached XP level 2. HP: 21/25 MP: 1/1
   268 | D:1      | Found a faded altar of an unknown god.
   326 | D:1      | Slain by a kobold

Illustrated notes

Levels and vault maps discovered:
D:1:      elethiomel_arrival_quiet, layout_basic, serial_shops, shop,
          shapermc_ecumenical_altar_ellora, st_stairs_3

Skill      XL: |  1  2 |
---------------+-------+-----
Polearms       | 4 |  4.6
Fighting       | 3 |  3.0
Throwing       | |  2.0
Dodging        | |  3.2

Action                   || total
-------------------------++-------
Melee: Trident           ||    42
       Headbutt          ||     3
Armor: Leather armour    ||    11
Dodge: Dodged            ||    23
